[Event "ICC tourney 2545 (5 3)"]
[Site "Internet Chess Club"]
[Date "2021.04.11"]
[Round "4"]
[White "ybabji"]
[Black "clydedrexler22"]
[Result "1-0"]
[ICCResult "Black resigns"]
[WhiteElo "1263"]
[BlackElo "1566"]
[Opening "King's pawn opening"]
[ECO "B07"]
[NIC "VO.17"]
[Time "15:19:55"]
[TimeControl "300+3"]

1. e4 d6 2. d4 e5 3. dxe5 dxe5 4. Qxd8+ Kxd8 5. Nf3 Bd6 6. Nc3 Nf6 7. Bc4
Be6 8. Bxe6 fxe6 9. Bg5 Ke7 10. O-O-O a6 11. Be3 Nc6 12. Rhe1 b5 13. a3 h6
14. Nd2 g5 15. Nb3 Nd7 16. f3 Rhf8 17. Rd2 b4 18. axb4 Nxb4 19. Na5 Rfb8 20.
Red1 Rg8 21. Na4 Rad8 22. c3 Nb6 23. Nxb6 cxb6 24. Bxb6 Na2+ 25. Kb1 Nxc3+
26. bxc3 Rd7 27. Nc6+ Kf6 28. Rxd6 Rb7 29. Na5 Rbb8 30. Kc2 g4 31. Bd8+ Kf7
32. Nc6 Rb5 33. Rd7+ Kg6 34. Ne7+ Kf7 35. Nxg8+ Kxg8 36. Bf6 Ra5 37. Rg7+
{Black resigns}
1-0

[Event "ICC tourney 2545 (5 3)"]
[Site "Internet Chess Club"]
[Date "2021.04.11"]
[Round "4"]
[White "Artist2020"]
[Black "MIEMBR"]
[Result "1/2-1/2"]
[ICCResult "Game drawn by repetition"]
[WhiteElo "1798"]
[BlackElo "1591"]
[Opening "Catalan: open, 5.Nf3"]
[ECO "E04"]
[NIC "CA.03"]
[Time "15:19:57"]
[TimeControl "300+3"]

1. d4 Nf6 2. Nf3 d5 3. c4 e6 4. g3 dxc4 5. Bg2 Nc6 6. Qa4 Bd7 7. Qxc4 Be7 8.
O-O O-O 9. Nc3 Na5 10. Qd3 c5 11. dxc5 Bxc5 12. Bg5 Be7 13. Rfd1 Bc6 14. Nd4
Bxg2 15. Kxg2 Nc6 16. Nxc6 bxc6 17. Qc4 Qb6 18. Na4 Qb5 19. Qxb5 cxb5 20.
Nc3 b4 21. Ne4 Rfd8 22. Bxf6 gxf6 23. h4 Rac8 24. Rac1 f5 25. Ng5 Bf6 26.
Rxd8+ Rxd8 27. Rc7 Bxg5 28. hxg5 Rd2 29. Rxa7 Rxb2 30. Kf3 Kg7 31. e3 Kg6
32. Kg2 Kg7 33. Kf3 Kg6 34. Kg2 Rc2 35. Ra4 Rb2 36. Ra7 Rc2 37. Ra4 Rb2 38.
Ra7 Rc2 39. Ra4 Rb2 40. Ra7 Rc2 {Game drawn by repetition} 1/2-1/2

[Event "ICC tourney 2545 (5 3)"]
[Site "Internet Chess Club"]
[Date "2021.04.11"]
[Round "4"]
[White "Sameir-Ramez"]
[Black "ericbuen"]
[Result "0-1"]
[ICCResult "White resigns"]
[WhiteElo "1937"]
[BlackElo "1628"]
[Opening "French defense"]
[ECO "C01"]
[NIC "VO.03"]
[Time "15:20:24"]
[TimeControl "300+3"]

1. e4 e6 2. d4 b6 3. Bd3 Bb7 4. Qe2 Nf6 5. Nd2 d5 6. e5 Nfd7 7. c3 c5 8.
Ngf3 Be7 9. O-O Nc6 10. g3 O-O 11. h4 h6 12. h5 cxd4 13. cxd4 Rc8 14. a3 a6
15. Bxa6 Bxa6 16. Qxa6 Ra8 17. Qd3 Ra4 18. Qb5 Rxd4 19. Qxc6 Rg4 20. Re1 Nc5
21. b4 Nd3 22. Re3 Nf4 23. Kh2 Nxh5 24. Rc3 Bg5 25. Nf1 g6 26. Be3 Kg7 27.
Bxb6 Qe7 28. Qd6 Qb7 29. Rc7 Qa6 30. Nxg5 hxg5 31. Ne3 Re4 32. Qxe6 Qe2 33.
Kg2 Rf4 34. Nxd5 Qf3+ 35. Kg1 Nxg3 36. Qh3 Ne2+ 37. Kh2 Rh4 38. Qxh4 gxh4
39. Nf6 h3 {White resigns} 0-1

[Event "ICC tourney 2545 (5 3)"]
[Site "Internet Chess Club"]
[Date "2021.04.11"]
[Round "4"]
[White "Radja"]
[Black "GYMEJR"]
[Result "1-0"]
[ICCResult "Black forfeits on time"]
[WhiteElo "2159"]
[BlackElo "1523"]
[Opening "Sicilian: Pelikan, Chelyabinsk variation"]
[ECO "B33"]
[NIC "SI.37"]
[Time "15:20:12"]
[TimeControl "300+3"]

1. e4 c5 2. Nf3 Nc6 3. d4 cxd4 4. Nxd4 Nf6 5. Nc3 e5 6. Ndb5 d6 7. Bg5 a6 8.
Na3 b5 9. Bxf6 gxf6 10. Nd5 Be6 11. c3 Bg7 12. Nc2 O-O 13. Nce3 Ne7 14. Be2
Bxd5 15. Nxd5 f5 16. Bf3 Rb8 17. O-O fxe4 18. Bxe4 f5 19. Bc2 Kh8 20. Kh1
Nxd5 21. Qxd5 Qe7 22. Rad1 Rb6 23. Rd3 e4 24. Rh3 Be5 25. f4 exf3 26. Rhxf3
Qh4 27. g3 Qh6 28. Bxf5 Rg8 29. Kg2 Rbb8 30. Be4 Rgf8 31. Rf7 Rxf7 32. Rxf7
Qd2+ 33. Qxd2 {Black forfeits on time} 1-0

[Event "ICC tourney 2545 (5 3)"]
[Site "Internet Chess Club"]
[Date "2021.04.11"]
[Round "4"]
[White "shirovinster"]
[Black "Openyagami"]
[Result "0-1"]
[ICCResult "White resigns"]
[WhiteElo "1811"]
[BlackElo "2549"]
[Opening "Sicilian: Labourdonnais-Löwenthal (Kalashnikov) variation"]
[ECO "B32"]
[NIC "SI.32"]
[Time "15:19:39"]
[TimeControl "300+3"]

1. e4 c5 2. Nf3 Nc6 3. d4 cxd4 4. Nxd4 e5 5. Nb5 d6 6. c4 Be6 7. Be2 g6 8.
O-O Nf6 9. Bg5 Be7 10. Bxf6 Bxf6 11. Qxd6 Qxd6 12. Nxd6+ Ke7 13. Nb5 Rac8
14. N1c3 a6 15. Na3 Nd4 16. Bd3 Bg5 17. Rad1 Kf8 18. Nd5 Kg7 19. b3 Bxd5 20.
cxd5 b5 21. g3 h5 22. f4 Be7 23. Nb1 Bd6 24. Nd2 h4 25. Nf3 Nxf3+ 26. Rxf3
hxg3 27. hxg3 exf4 28. gxf4 Rh4 29. e5 Rch8 30. Rc1 Rh1+ 31. Kf2 Rxc1 32.
exd6 Rd8 33. f5 Rxd6 34. fxg6 fxg6 35. Be4 Ra1 36. Ke3 Rf6 37. Rg3 Rxa2 38.
Kd4 Re2 39. Ke5 Kf7 40. Rh3 Rf5+ 41. Kd4 Rf4 42. Re3 Rxe3 43. Kxe3 Rf1 44.
Kd4 g5 45. d6 Ke6 46. Kc5 Rc1+ 47. Kb6 Kxd6 48. Kxa6 Kc5 49. Bd3 g4 50. Bxb5
Ra1+ 51. Ba4 g3 52. Ka5 g2 53. b4+ Kd6 {White resigns} 0-1

[Event "ICC tourney 2545 (5 3)"]
[Site "Internet Chess Club"]
[Date "2021.04.11"]
[Round "4"]
[White "ashrafismyname"]
[Black "CPS1218"]
[Result "0-1"]
[ICCResult "White checkmated"]
[WhiteElo "1664"]
[BlackElo "1353"]
[Opening "Robatsch defense: Pseudo-Austrian attack"]
[ECO "B07"]
[NIC "PU.05"]
[Time "15:19:43"]
[TimeControl "300+3"]

1. e4 d6 2. d4 g6 3. f4 Bg7 4. Nc3 Nf6 5. Bd3 O-O 6. Nge2 Nc6 7. Be3 e5 8.
f5 exd4 9. Bxd4 Nxd4 10. Nxd4 Nh5 11. Nf3 Nf4 12. O-O g5 13. Ne2 Nxe2+ 14.
Qxe2 Bxb2 15. Rab1 Bg7 16. Kh1 h6 17. Nd4 Bxd4 18. Qf3 Bf6 19. Rbe1 Qe7 20.
Qh5 Kg7 21. Rf3 Bd7 22. e5 dxe5 23. Rg3 Bc6 24. h4 e4 25. Ree3 Rad8 26. Qg4
Rh8 27. Rh3 h5 28. Qe2 g4 29. Rh2 Qd6 30. Bc4 Qd1+ 31. Qe1 Bc3 32. Qf1 Qxf1+
33. Bxf1 Rd1 34. Kg1 Bd4 35. Kf2 Bxe3+ 36. Kxe3 Rxf1 37. g3 Rf3+ 38. Kd4
Rxg3 39. Ke5 Rf3 40. Rd2 f6+ 41. Ke6 Re8# {White checkmated} 0-1

[Event "ICC tourney 2545 (5 3)"]
[Site "Internet Chess Club"]
[Date "2021.04.11"]
[Round "4"]
[White "pokerram"]
[Black "asur67ferat"]
[Result "1/2-1/2"]
[ICCResult "Game drawn by repetition"]
[WhiteElo "1201"]
[BlackElo "1600"]
[Opening "Sicilian: Scheveningen, fianchetto variation"]
[ECO "B80"]
[NIC "SI.19"]
[Time "15:18:57"]
[TimeControl "300+3"]

1. e4 c5 2. Nf3 d6 3. d4 cxd4 4. Nxd4 Nf6 5. Nc3 e6 6. g3 Be7 7. Bg2 O-O 8.
O-O a6 9. a4 Qc7 10. Nde2 Rd8 11. Be3 Bd7 12. a5 Qc8 13. Bb6 Re8 14. Nf4 Bc6
15. Nh5 Nbd7 16. Nxf6+ Nxf6 17. Re1 Nd7 18. Be3 Qc7 19. Qg4 Ne5 20. Qh5 g6
21. Qd1 Nc4 22. Bh6 Nxb2 23. Qd4 e5 24. Qb4 Na4 25. Nxa4 Bxa4 26. Qxa4 Rec8
27. Bh3 Rd8 28. Qb3 Bf8 29. Bg5 Re8 30. Qa4 Kg7 31. Be3 Be7 32. Bb6 Qb8 33.
Bd7 Rf8 34. Qb3 h5 35. Bc7 Qa7 36. Bb6 Qb8 37. Bc7 Qa7 38. Bb6 Qb8 39. Bc7
Qa7 40. Bb6 Qb8 {Game drawn by repetition} 1/2-1/2

[Event "ICC tourney 2545 (5 3)"]
[Site "Internet Chess Club"]
[Date "2021.04.11"]
[Round "4"]
[White "BIRDSMAN"]
[Black "realleosantos"]
[Result "0-1"]
[ICCResult "White forfeits on time"]
[WhiteElo "1198"]
[BlackElo "1360"]
[Opening "King's Indian: 6.Be2"]
[ECO "E91"]
[NIC "KI.19"]
[Time "15:19:23"]
[TimeControl "300+3"]

1. d4 Nf6 2. Nf3 g6 3. c4 Bg7 4. Nc3 O-O 5. e4 d6 6. Be2 c5 7. dxc5 dxc5 8.
Be3 b6 9. O-O Bb7 10. Qc2 Nc6 11. Rfd1 Qc7 12. Nd5 Nxd5 13. cxd5 Nb4 14. Qd2
f5 15. a3 fxe4 16. axb4 exf3 17. Bc4 Kh8 18. bxc5 fxg2 19. c6 Bc8 20. Bd4
Bg4 21. Bxg7+ Kxg7 22. Qd4+ Rf6 23. Qxg4 Raf8 24. Qxg2 Qe5 25. Re1 Qxb2 26.
Rxe7+ Kh8 27. Rae1 Rxf2 28. Qg3 R2f3 29. Qg2 Qd4+ 30. Kh1 Qxc4 31. Re8 Rf7
32. Rxf8+ Rxf8 {White forfeits on time} 0-1

[Event "ICC tourney 2545 (5 3)"]
[Site "Internet Chess Club"]
[Date "2021.04.11"]
[Round "4"]
[White "ren"]
[Black "dwmt"]
[Result "0-1"]
[ICCResult "White resigns"]
[WhiteElo "1221"]
[BlackElo "1045"]
[Opening "Queen's pawn: English defense"]
[ECO "A40"]
[NIC "QO.17"]
[Time "15:19:26"]
[TimeControl "300+3"]

1. d4 b6 2. Bf4 Bb7 3. e3 d6 4. Bd3 Nf6 5. Nf3 e6 6. Nbd2 d5 7. c3 g6 8. h4
Bg7 9. Ne5 Nbd7 10. h5 c5 11. hxg6 fxg6 12. Bh6 Qe7 13. Qc2 Nxe5 14. dxe5
Ng4 15. Bxg7 Qxg7 16. O-O-O Nxf2 17. Ne4 Nxd1 18. Nf6+ Ke7 19. Qxd1 c4 20.
Bc2 a5 21. Qd4 Ra6 22. Qh4 g5 23. Qxh7 Rxh7 24. Rxh7 Qxh7 25. Nxh7 Ra8 26.
Nf6 Rh8 27. g4 Rh3 28. e4 dxe4 29. Bxe4 Bxe4 30. Nxe4 Rh4 31. Nxg5 Rxg4 32.
Nf3 b5 33. Nd4 b4 34. Nc6+ Kd7 35. Nxa5 bxc3 36. bxc3 Re4 37. Kb2 Kc7 38. a4
Kb6 39. Nxc4+ Rxc4 40. Kb3 Rc5 {White resigns} 0-1

[Event "ICC tourney 2545 (5 3)"]
[Site "Internet Chess Club"]
[Date "2021.04.11"]
[Round "4"]
[White "vassily1666"]
[Black "meghna"]
[Result "1-0"]
[ICCResult "Black forfeits on time"]
[WhiteElo "1684"]
[BlackElo "1332"]
[Opening "Sicilian: Taimanov variation"]
[ECO "B49"]
[NIC "SI.41"]
[Time "15:19:11"]
[TimeControl "300+3"]

1. e4 c5 2. Nf3 e6 3. d4 cxd4 4. Nxd4 a6 5. Nc3 Qc7 6. Be2 Nc6 7. Be3 Nf6 8.
a3 Nxd4 9. Bxd4 Bc5 10. Qd2 Bxd4 11. Qxd4 O-O 12. e5 Ne8 13. O-O-O b5 14. h4
f6 15. exf6 Rxf6 16. g3 d5 17. Nxd5 exd5 18. Qxd5+ Kh8 19. Qxa8 Rc6 20. Bd3
Nd6 21. Rd2 g6 22. Rhd1 Kg7 23. Be2 Ne4 24. Bf3 Nxd2 25. Qxc6 Qxc6 26. Bxc6
Nc4 27. Rd8 Bf5 28. Ra8 Ne5 29. Rxa6 {Black forfeits on time} 1-0

[Event "ICC tourney 2545 (5 3)"]
[Site "Internet Chess Club"]
[Date "2021.04.11"]
[Round "4"]
[White "ShapeShifter"]
[Black "cstefan"]
[Result "1/2-1/2"]
[ICCResult "Game drawn by repetition"]
[WhiteElo "1578"]
[BlackElo "1952"]
[Opening "QGD Slav: exchange variation"]
[ECO "D13"]
[NIC "SL.02"]
[Time "15:19:51"]
[TimeControl "300+3"]

1. d4 d5 2. c4 c6 3. cxd5 cxd5 4. Nf3 Nf6 5. Nc3 Nc6 6. Bf4 a6 7. Rc1 Bg4 8.
Ne5 Nxe5 9. dxe5 Nh5 10. Nxd5 Rc8 11. Rxc8 Bxc8 12. e3 Nxf4 13. exf4 e6 14.
Nc3 Qb6 15. Qc2 Bc5 16. Bd3 Bd7 17. O-O g6 18. Na4 Bxa4 19. Qxa4+ Kf8 20.
Qc2 Kg7 21. a3 Rd8 22. b4 Bf8 23. Rd1 Rd4 24. g3 h5 25. Be4 Rxd1+ 26. Qxd1
a5 27. bxa5 Qxa5 28. Bxb7 Bxa3 29. Qb3 Qe1+ 30. Kg2 Bc5 31. Qf3 Qb1 32. Be4
Qe1 33. h3 Qd2 34. g4 hxg4 35. hxg4 Qe1 36. f5 Bxf2 37. fxe6 Qg1+ 38. Kh3
Qf1+ 39. Kh2 Bg1+ 40. Kg3 Qxf3+ 41. Bxf3 fxe6 42. Kf4 Bh2+ 43. Ke4 g5 44.
Be2 Kf7 45. Bb5 Ke7 46. Bc4 Bf4 47. Bb3 Bh2 48. Bc4 Bf4 49. Bb3 Bh2 50. Bc4
Bf4 51. Bb3 Bh2 52. Bc4 Bf4 {Game drawn by repetition} 1/2-1/2

[Event "ICC tourney 2545 (5 3)"]
[Site "Internet Chess Club"]
[Date "2021.04.11"]
[Round "4"]
[White "objetpetit-zam"]
[Black "Iulia85"]
[Result "0-1"]
[ICCResult "White forfeits on time"]
[WhiteElo "1356"]
[BlackElo "1628"]
[Opening "Alekhine's defense: Scandinavian variation"]
[ECO "B02"]
[NIC "AL.10"]
[Time "15:19:42"]
[TimeControl "300+3"]

1. e4 Nf6 2. Nc3 d5 3. e5 Nfd7 4. Nf3 e6 5. Qe2 c5 6. d4 Nc6 7. Be3 Be7 8.
O-O-O a6 9. dxc5 Nxc5 10. g4 Qa5 11. Bxc5 Bxc5 12. a3 Bxa3 13. Rd3 Bc5 14.
Nd2 b5 15. Nb3 Qb6 16. Rf3 Nd4 17. Nxd4 Bxd4 18. Nb1 Bd7 19. c3 Bc5 20. Qd3
b4 21. Bg2 bxc3 22. Nxc3 Rb8 23. Qc2 Bd4 24. h4 a5 25. Bf1 Rc8 26. Bd3 a4
27. Bxh7 a3 28. Kd2 Qxb2 29. Qxb2 axb2 30. Nb1 Rxh7 31. g5 Ke7 32. h5 Bxe5
33. Rb3 Rhh8 34. Rh4 Rc4 {White forfeits on time} 0-1

[Event "ICC tourney 2545 (5 3)"]
[Site "Internet Chess Club"]
[Date "2021.04.11"]
[Round "4"]
[White "supergirl06"]
[Black "FootDoc"]
[Result "1-0"]
[ICCResult "Black checkmated"]
[WhiteElo "1590"]
[BlackElo "1607"]
[Opening "Latvian counter-gambit"]
[ECO "C40"]
[NIC "KP.09"]
[Time "15:20:27"]
[TimeControl "300+3"]

1. e4 e5 2. Nf3 f5 3. d4 fxe4 4. Nxe5 Nf6 5. Nc3 d6 6. Nc4 Be7 7. Be3 O-O 8.
h3 c6 9. Qe2 d5 10. Ne5 Nbd7 11. Nxd7 Bxd7 12. O-O-O Bb4 13. Bd2 Qe7 14. a3
Ba5 15. g4 h6 16. f3 Rae8 17. f4 Bc8 18. g5 hxg5 19. fxg5 Nd7 20. Qh5 Qf7
21. g6 Qxg6 22. Qxg6 Nf6 23. Rg1 Re7 24. Bh6 Rff7 25. Bg5 Rc7 26. Bf4 Rce7
27. Bd6 Rd7 28. Be5 Bd8 29. Rd2 Ne8 30. Rdg2 b6 31. Rg4 Rb7 32. Rf4 Rxf4 33.
Bxf4 Bf6 34. Ne2 Rf7 35. Ng3 Bxd4 36. Rg2 Rxf4 37. Nh5 Rxf1+ 38. Kd2 Rf8 39.
c3 Be5 40. Qxc6 Bxh3 41. Rg1 Bh2 42. Rh1 e3+ 43. Kc2 Bf5+ 44. Kb3 Bd6 45.
Qxd5+ Kh8 46. Nf6+ Bh7 47. Rxh7# {Black checkmated} 1-0

[Event "ICC tourney 2545 (5 3)"]
[Site "Internet Chess Club"]
[Date "2021.04.11"]
[Round "4"]
[White "Finlidor"]
[Black "jacobsperber"]
[Result "1-0"]
[ICCResult "Black resigns"]
[WhiteElo "2119"]
[BlackElo "1299"]
[Opening "Sicilian: Najdorf, 6.f4"]
[ECO "B93"]
[NIC "SI.12"]
[Time "15:20:50"]
[TimeControl "300+3"]

1. e4 c5 2. Nf3 d6 3. d4 cxd4 4. Nxd4 Nf6 5. Nc3 a6 6. f4 e6 7. Bd3 Be7 8.
O-O O-O 9. Kh1 b5 10. e5 dxe5 11. fxe5 Nd5 12. Qh5 g6 13. Qh6 f5 14. exf6
Bxf6 15. Nxd5 Qxd5 16. Be3 Bb7 17. Nf3 Nd7 18. Rad1 Qc6 19. Rd2 Rae8 20. c3
Bg7 21. Qh3 e5 22. Ng5 Rxf1+ 23. Bxf1 Nf6 24. Rf2 Rf8 25. Qh4 Bc8 26. a4 Bf5
27. axb5 axb5 28. Qb4 Rb8 29. Rd2 Nd5 30. Qb3 Rd8 31. Bxb5 Qb7 32. Bc4 Qxb3
33. Bxb3 h6 34. Rxd5 Rxd5 35. Bxd5+ Kf8 36. Ne6+ Bxe6 37. Bxe6 Ke7 38. Bd5
Kd6 39. Be4 g5 40. Kg1 {Black resigns} 1-0

[Event "ICC tourney 2545 (5 3)"]
[Site "Internet Chess Club"]
[Date "2021.04.11"]
[Round "4"]
[White "Jaburu"]
[Black "Steepblue"]
[Result "1-0"]
[ICCResult "Black resigns"]
[WhiteElo "1648"]
[BlackElo "1375"]
[Opening "French defense, Steiner variation"]
[ECO "C00"]
[NIC "FR.01"]
[Time "15:19:47"]
[TimeControl "300+3"]

1. e4 e6 2. c4 d5 3. cxd5 exd5 4. Qb3 c6 5. exd5 Qxd5 6. Bc4 Qd7 7. Nf3 f6
8. O-O Bd6 9. Re1+ Ne7 10. Bf7+ Kf8 11. Bh5 g6 12. d4 gxh5 13. Bh6+ Ke8 14.
Bg7 Rf8 15. Bxf8 Kxf8 16. Qe3 Nf5 17. Qe4 Qe7 18. Qd3 Qf7 19. Nc3 Be6 20.
Ne4 Bb4 21. Rec1 Nd7 22. a3 Ba5 23. b4 Bc7 24. b5 Bd5 25. a4 Re8 26. Nc5
Nxc5 27. Rxc5 Bb6 28. Qxf5 Bxc5 29. dxc5 Bxf3 30. Qxf3 cxb5 31. axb5 a6 32.
bxa6 bxa6 33. h3 Re6 34. c6 Qc7 35. g3 Kg7 36. Rxa6 Re1+ 37. Kg2 Rc1 38.
Qxh5 Rxc6 39. Qg4+ Kf7 40. Qh5+ Kg7 41. Qa5 Qxa5 42. Rxa5 Re6 43. Ra7+ Kg6
44. g4 h5 45. Kg3 hxg4 46. hxg4 Re4 47. f4 f5 48. Ra6+ Kf7 49. gxf5 Re7 50.
Kg4 Re8 51. Kg5 Rg8+ 52. Kh5 Ke7 53. f6+ Kf7 54. f5 Rg1 55. Kh6 Kf8 56. Ra7
Rg2 57. Rg7 Rh2+ 58. Kg5 Rg2+ 59. Kf4 Rxg7 60. fxg7+ Kxg7 61. Ke5 Kf7 62. f6
Kf8 63. Ke6 Ke8 64. Kf5 Kf7 65. Kg5 Kg8 66. Kg6 Kf8 67. f7 {Black resigns}
1-0

[Event "ICC tourney 2545 (5 3)"]
[Site "Internet Chess Club"]
[Date "2021.04.11"]
[Round "4"]
[White "fishmaster"]
[Black "doogie"]
[Result "1/2-1/2"]
[ICCResult "Game drawn by mutual agreement"]
[WhiteElo "2063"]
[BlackElo "2057"]
[Opening "QGD: Neo-orthodox variation, 7.Bxf6"]
[ECO "D55"]
[NIC "QO.14"]
[Time "15:19:41"]
[TimeControl "300+3"]

1. d4 d5 2. c4 e6 3. Nc3 Be7 4. Nf3 Nf6 5. Bg5 O-O 6. e3 h6 7. Bxf6 Bxf6 8.
Rc1 c6 9. Bd3 dxc4 10. Bxc4 Qe7 11. O-O Nd7 12. Ne4 e5 13. Nxf6+ Qxf6 14.
Bb3 Re8 15. h3 a5 16. a3 e4 17. Nd2 Qg6 18. Kh1 Nf6 19. Nc4 Be6 20. Ne5 Qf5
21. Bxe6 Qxe6 22. Qc2 Nd5 23. Qb3 Rab8 24. Qa4 Ra8 25. Qb3 Re7 26. Rc5 f6
27. Nc4 b6 28. Nxb6 Rb8 29. Rxc6 Qxc6 30. Qxd5+ Qxd5 31. Nxd5 Reb7 32. b4
axb4 33. axb4 Rd8 34. Nc3 Rxb4 35. Nxe4 Re8 36. Nc5 Reb8 37. Kh2 Rb1 38.
Rxb1 Rxb1 39. Kg3 Ra1 40. h4 g6 41. Kf3 Kf7 42. g3 h5 43. Ke4 Ra2 44. Kf3
Rb2 45. Nd3 Rd2 46. Nf4 Ra2 47. Kg2 Ra1 48. Kf3 Ra2
{Game drawn by mutual agreement}
1/2-1/2

[Event "ICC tourney 2545 (5 3)"]
[Site "Internet Chess Club"]
[Date "2021.04.11"]
[Round "4"]
[White "Z3N"]
[Black "MichaelIC"]
[Result "0-1"]
[ICCResult "White forfeits on time"]
[WhiteElo "1510"]
[BlackElo "1511"]
[Opening "French: Réti (Spielmann) variation"]
[ECO "C00"]
[NIC "FR.01"]
[Time "15:19:38"]
[TimeControl "300+3"]

1. e4 e6 2. b3 d5 3. Bb2 dxe4 4. Nc3 Nf6 5. g4 h6 6. Qe2 b6 7. Nxe4 Bb7 8.
Nxf6+ gxf6 9. Nf3 Be7 10. O-O-O Nd7 11. Rg1 a5 12. a4 Nc5 13. d4 Ne4 14. Nd2
Nxd2 15. Rxd2 Qd6 16. d5 O-O-O 17. Rg3 exd5 18. Bg2 Rhe8 19. Qb5 f5 20. Kb1
Bg5 21. Rd1 fxg4 22. Rgd3 Qxh2 23. Bxd5 Bxd5 24. Rxd5 Rxd5 25. Qxd5 Kb8 26.
Qxf7 Rd8 27. Re1 Qf4 28. Qh7 Qxf2 29. Re6 Qg1+ 30. Ka2 Qc5 31. Be5 Bc1 32.
Re7 Rc8 33. Bb2 Bxb2 34. Kxb2 g3 35. Re2 Qd4+ 36. c3 Qf4
{White forfeits on time}
0-1

[Event "ICC tourney 2545 (5 3)"]
[Site "Internet Chess Club"]
[Date "2021.04.11"]
[Round "4"]
[White "siddarth1"]
[Black "Tudorache"]
[Result "0-1"]
[ICCResult "White forfeits on time"]
[WhiteElo "1438"]
[BlackElo "1728"]
[Opening "Sicilian: Alapin's variation (2.c3)"]
[ECO "B22"]
[NIC "SI.47"]
[Time "15:20:32"]
[TimeControl "300+3"]

1. e4 c5 2. c3 Nf6 3. e5 Nd5 4. d4 cxd4 5. Nf3 Nc6 6. cxd4 d6 7. Bc4 e6 8.
O-O a6 9. Re1 Nb6 10. Bb3 Na5 11. Nc3 Nxb3 12. Qxb3 d5 13. Bd2 Nc4 14. Bg5
Be7 15. Bxe7 Qxe7 16. Na4 O-O 17. Nc5 b6 18. Na4 Rb8 19. Qc2 Bd7 20. Nc3 b5
21. b3 Nb6 22. Ne2 Rfc8 23. Qd2 h6 24. Rac1 b4 25. Ng3 Bb5 26. Qf4 Bd3 27.
Nh5 Bg6 28. Qg4 Rc3 29. Nf4 Bf5 30. Qg3 Rbc8 31. Rcd1 Nd7 32. Nh5 Bg6 33.
Nf4 Bh7 34. Nh5 g6 35. Nf4 g5 36. Nh5 Bg6 37. Qg4 Bf5 38. Qg3 Kh7 39. Re3
Rc1 40. Ree1 R1c2 41. Nf6+ Nxf6 42. exf6 Qxf6 43. Qe5 Qxe5 44. Nxe5 Kg7 45.
g4 Be4 46. f3 Bh7 47. Ra1 Rd2 {White forfeits on time} 0-1

[Event "ICC tourney 2545 (5 3)"]
[Site "Internet Chess Club"]
[Date "2021.04.11"]
[Round "4"]
[White "RichTNYC"]
[Black "Penglas"]
[Result "1-0"]
[ICCResult "Black checkmated"]
[WhiteElo "1206"]
[BlackElo "1202"]
[Opening "King's pawn opening"]
[ECO "B07"]
[NIC "VO.17"]
[Time "15:20:32"]
[TimeControl "300+3"]

1. e4 d6 2. d4 c5 3. d5 e6 4. Bc4 Nf6 5. Bg5 Be7 6. Nf3 exd5 7. exd5 O-O 8.
O-O Re8 9. Nc3 Bg4 10. Qd3 Nbd7 11. h3 Bh5 12. Nh2 Bg6 13. Qd2 Ne5 14. Bb5
Ned7 15. f3 a6 16. Bd3 b5 17. Bxg6 fxg6 18. Rfe1 Nh5 19. Bxe7 Rxe7 20. Rxe7
Qxe7 21. Ne4 Ne5 22. Qg5 Qf7 23. Nxd6 Qd7 24. Qxe5 Rd8 25. Nxb5 axb5 26. Rd1
c4 27. Ng4 b4 28. d6 c3 29. bxc3 bxc3 30. Qd5+ Kh8 31. Qc5 Nf4 32. Ne5 Nxh3+
33. Kh2 Qe6 34. d7 Nf4 35. Qxc3 h5 36. Qd4 Ne2 37. Qd6 Qf5 38. Qe7 Qf4+ 39.
Kh1 Ng3+ 40. Kg1 Qe3+ 41. Kh2 Nf1+ 42. Kh3 Rg8 43. Nf7+ Kh7 44. Ng5+ Kh6 45.
Qxe3 Nxe3 46. d8=Q Rxd8 47. Rxd8 Kxg5 48. a4 Nxc2 49. a5 Nb4 50. Rb8 Nc6 51.
Rb5+ Kh6 52. a6 g5 53. Rb6 g6 54. Rxc6 g4+ 55. fxg4 hxg4+ 56. Kxg4 Kg7 57.
a7 Kf7 58. a8=Q Ke7 59. Qb7+ Kd8 60. Qc8+ Ke7 61. Qe6+ Kf8 62. Qf6+ Ke8 63.
Rc7 g5 64. Qe7# {Black checkmated} 1-0

[Event "ICC tourney 2545 (5 3)"]
[Site "Internet Chess Club"]
[Date "2021.04.11"]
[Round "4"]
[White "GrandTurk"]
[Black "bumper10"]
[Result "0-1"]
[ICCResult "White forfeits on time"]
[WhiteElo "1868"]
[BlackElo "2171"]
[Opening "Queen's pawn: Torre attack"]
[ECO "A46"]
[NIC "QP.04"]
[Time "15:19:15"]
[TimeControl "300+3"]

1. d4 Nf6 2. Nf3 e6 3. Bg5 d5 4. Nbd2 c5 5. e3 Nbd7 6. c3 b6 7. Bd3 Bb7 8.
Ne5 h6 9. Bh4 g5 10. Bg3 Nxe5 11. Bxe5 Bd6 12. Nf3 a6 13. Bxd6 Qxd6 14. Ne5
Nd7 15. Nxd7 Qxd7 16. Qe2 c4 17. Bc2 f5 18. f3 O-O-O 19. O-O-O b5 20. e4
dxe4 21. fxe4 f4 22. h4 e5 23. hxg5 hxg5 24. Qf2 Rxh1 25. Rxh1 exd4 26. cxd4
Qxd4 27. Qxd4 Rxd4 28. Rh8+ Rd8 29. Rh7 Rg8 30. Rf7 Rh8 31. Rg7 Rh1+ 32. Kd2
Rh2 33. Rxg5 f3 34. Ke3 fxg2 35. Rg8+ Kc7 36. Rg7+ Kb6 {White forfeits on
time} 0-1

[Event "ICC tourney 2545 (5 3)"]
[Site "Internet Chess Club"]
[Date "2021.04.11"]
[Round "4"]
[White "Rickyb"]
[Black "CKGhosh"]
[Result "0-1"]
[ICCResult "White resigns"]
[WhiteElo "2201"]
[BlackElo "1840"]
[Opening "Sicilian"]
[ECO "B50"]
[NIC "SI.01"]
[Time "15:20:10"]
[TimeControl "300+3"]

1. e4 c5 2. Nf3 d6 3. g3 Nc6 4. Bg2 e6 5. d3 Be7 6. O-O Nf6 7. Re1 O-O 8. c3
Qc7 9. Nbd2 a6 10. Qe2 Rb8 11. d4 cxd4 12. cxd4 Bd7 13. a3 b5 14. b3 Rbc8
15. Bb2 Rfd8 16. Rac1 Qb6 17. Nf1 Rc7 18. Ne3 Rdc8 19. d5 Ne5 20. Nxe5 Rxc1
21. Rxc1 Rxc1+ 22. Bxc1 dxe5 23. Bb2 exd5 24. Nxd5 Nxd5 25. exd5 f6 26. Be4
a5 27. Kg2 b4 28. a4 Bc5 29. f4 Bd4 30. fxe5 fxe5 31. Bxd4 Qxd4 32. Qd3 Qxd3
33. Bxd3 Kf7 34. Kf3 Kf6 35. Bxh7 g6 36. Bg8 Bxa4 37. d6 Bd7 38. Ke4 Be6 39.
Bxe6 Kxe6 40. h4 Kxd6 41. g4 Ke6 42. h5 a4 43. bxa4 b3 44. Kd3 e4+ 45. Kc3
e3 46. h6 Kf7 47. a5 e2 48. Kd2 b2 {White resigns} 0-1

[Event "ICC tourney 2545 (5 3)"]
[Site "Internet Chess Club"]
[Date "2021.04.11"]
[Round "4"]
[White "blitzaaja"]
[Black "Macroeconomist"]
[Result "1-0"]
[ICCResult "Black forfeits on time"]
[WhiteElo "1805"]
[BlackElo "1397"]
[Opening "Sicilian: closed"]
[ECO "B23"]
[NIC "SI.44"]
[Time "15:19:54"]
[TimeControl "300+3"]

1. e4 c5 2. Nc3 g6 3. f4 Bg7 4. Nf3 Nc6 5. Bb5 e6 6. Bxc6 bxc6 7. e5 d5 8.
d3 Ne7 9. O-O O-O 10. Na4 Qa5 11. c4 Ba6 12. b3 Rfd8 13. Qc2 dxc4 14. dxc4
Nf5 15. Qf2 Bxc4 16. bxc4 Qxa4 17. g4 Nd4 18. Be3 Nc2 19. Rac1 Nxe3 20. Qxe3
Qxa2 21. Qxc5 Bf8 22. Qe3 Rab8 23. Ra1 Qc2 24. Rxa7 Rb2 25. Rf2 Qb1+ 26. Kg2
Rdb8 27. Rxb2 Rxb2+ 28. Kg3 Qc2 29. Qg1 Qxc4 30. Ra1 Rb3 31. Rc1 Qd3 32. Qf1
Qe3 33. Rxc6 Rb4 34. Qc1 Qe4 35. h4 Rb3 36. Rc3 Rb1 37. Qc2 Qxc2 38. Rxc2
Rb3 39. Rc8 Kg7 40. g5 Ba3 41. Kg4 Rb1 42. Nd2 Rg1+ 43. Kf3 Rh1 44. Ne4 Rxh4
45. Nf6 Bf8 46. Rc7 h6 47. Ne4 {Black forfeits on time} 1-0